 Dungeon Crawl Stone Soup version 0.21.1-1-g345015fe64 (webtiles) character file.

59747 3rdEnemy the Peltast (level 14, -12/124 HPs)
             Began as a Minotaur Fighter on July 14, 2018.
             Was a High Priest of Okawaru.
             Mangled by a two-headed ogre
             ... wielding a +0 giant spiked club
              (15 damage)
             ... on level 1 of the Orcish Mines.
             The game lasted 02:13:05 (19843 turns).

3rdEnemy the Peltast (Minotaur Fighter)            Turns: 19843, Time: 02:13:06

Health: -12/124    AC: 17    Str: 29    XL:     14   Next: 54%
Magic:  0/28       EV: 18    Int:  7    God:    Okawaru [*****.]
Gold:   1435       SH: 16    Dex: 12    Spells: 13/13 levels left

rFire    + + .     SeeInvis .   w - +4 rapier (flame)
rCold    . . .     Gourm    .   c - +0 shield
rNeg     . . .     Faith    .   g - +3 ring mail {rF+}
rPois    +         Spirit   +   (helmet restricted)
rElec    +         Reflect  .   a - +0 cloak
rCorr    +         Harm     .   (no gloves)
MR       +....     Clarity  +   M - +0 pair of boots of Defence {rF+ MP+9 Int+2}
Stlth    ++........             x - amulet of guardian spirit
HPRegen  0.30/turn              m - ring of resist corrosion
MPRegen  0.21/turn              A - ring of poison resistance

@: mighty, lethally poisoned (-12 -> -13), heroism
A: retaliatory headbutt, horns 2, repulsion field 1, thin metallic scales 1,
clarity, electricity resistance
a: Heroism, Finesse, Renounce Religion


You were on level 1 of the Orcish Mines.
You worshipped Okawaru.
Okawaru was extremely pleased with you.
You were hungry.

You visited 5 branches of the dungeon, and saw 20 of its levels.

You collected 1435 gold pieces.

Inventory:

Hand Weapons
 o - a +3 short sword of venom
 w - a +4 rapier of flaming (weapon)
 D - the +7 fustibalus of Evisceration {velocity, rPois MP+9}
   (Okawaru gifted it to you on level 1 of the Lair of Beasts)

   Any stone fired from it inflicts extra damage.
   It protects you from poison.
   It affects your magic capacity (+9).
Missiles
 u - 198 sling bullets
 E - 167 stones (quivered)
Armour
 a - a +0 cloak (worn)
 c - a +0 shield (worn)
 g - a +3 ring mail of fire resistance (worn)
 z - a +0 chain mail of magic resistance
 M - the +0 pair of boots of Defence (worn) {rF+ MP+9 Int+2}
   (Okawaru gifted it to you on level 5 of the Lair of Beasts)

   It affects your intelligence (+2).
   It protects you from fire.
   It affects your magic capacity (+9).
Jewellery
 m - a ring of resist corrosion (left hand)
 p - an uncursed ring of protection from fire
 x - an amulet of guardian spirit (around neck)
 A - a ring of poison resistance (right hand)
 B - an uncursed ring of ice
 J - an uncursed ring of protection from fire
 K - a +2 amulet of reflection
Wands
 r - a wand of digging (13)
 y - a wand of iceblast (20)
 C - a wand of acid (10)
 L - a wand of scattershot (2)
 O - a wand of polymorph (8)
Scrolls
 b - 3 scrolls of enchant weapon
 h - 12 scrolls of identify
 j - 2 scrolls of fog
 k - 11 scrolls of remove curse
 n - 8 scrolls of teleportation
 v - 3 scrolls of blinking
 F - 2 scrolls of fear
 G - 2 scrolls of summoning
Potions
 d - a potion of might
 e - a potion of berserk rage
 i - 3 potions of mutation
 l - 4 potions of flight
 s - 4 potions of cancellation
 t - 6 potions of curing
 H - a potion of ambrosia {unknown}
 N - a potion of magic
Miscellaneous
 P - a phial of floods
Comestibles
 f - 39 rations


   Skills:
 - Level 11.0(16.0) Fighting
 - Level 14.0(19.0) Short Blades
 + Level 11.7(16.7) Slings
 - Level 11.0(16.0) Armour
 - Level 5.0(10.0) Dodging
 - Level 15.0(20.0) Shields
 - Level 8.0 Invocations


You had 13 spell levels left.
You didn't know any spells.

Dungeon Overview and Level Annotations

Branches:
Dungeon (11/15)            Temple (1/1) D:6            Lair (6/6) D:11
  Swamp (1/4) Lair:2       Spider (0/4) Lair:2        Slime (0/5) Lair:5
    Orc (1/2) D:11

Altars:
Ashenzari
Cheibriados
Dithmenos
Elyvilon
Fedhas
Gozag
Hepliaklqana
Kikubaaqudgha
Makhleb
Nemelex Xobeh
Okawaru
Qazlal
Ru
Sif Muna
Trog
Uskayaw
Vehumet
Wu Jian
Xom
Yredelemnul
Zin
The Shining One
Beogh

Shops:
D:10 :

Annotations:
D:11 exclusion: ice statue


Innate Abilities, Weirdness & Mutations

You reflexively headbutt those who attack you in melee.
You have a pair of horns on your head.
You are surrounded by a mild repulsion field. (EV +2)
You are partially covered in thin metallic scales. (AC +2)
You possess an exceptional clarity of mind.
You are resistant to electric shocks. (rElec)


Message History

You feel sick. You block the orc's attack.
The warg howls!
You see here 2 tomahawks.
You impale the orc!! You burn the orc.
You kill the orc!
You puncture the warg! You burn the warg. You headbutt the warg!
The warg is severely wounded.
Your surroundings suddenly seem different.
Found a transporter.
You feel sick.
The two-headed ogre hits you with a giant spiked club!
* * * LOW HITPOINT WARNING * * *
You block the two-headed ogre's attack.
There is a transporter, spattered with blood here.
You enter the transporter and appear at another place.
The orc warrior shouts!
You hear a shout!
The two-headed ogre hits you with a giant spiked club!
* * * LOW HITPOINT WARNING * * *
The two-headed ogre hits you with a giant spiked club!
You die...

.......## #©#..$o$(.#.#
#.##....# #.##.8C8o##.#
###.....###.#.}|.)$(#$#
##)....##....#.#.O..#
#.....##...#####...#
##)h(.###.. ....##
#..)### ### ######
#$....T# #########.
......#. #.@O......
#.....#...o.............
#........o.......#......
.............##.o.......
..........#. #... .....
..#... .####o ..........
..... .... ...........


You could see a two-headed ogre, an orc warrior, an orc wizard (wandering) and
an orc.

Vanquished Creatures
  A tentacled monstrosity (Swamp:1)
  2 green draconians (Swamp:1)
  Nessos (Lair:5)
  The ghost of martinkus the Fighter, a journeyman GrFi of the Shining One (Lair:1)
  3 hydras (Swamp:1)
  A catoblepas (Lair:5)
  Erica (D:11)
  3 two-headed ogres
  4 alligators (Swamp:1)
  3 orc high priests (Orc:1)
  A shambling mangrove (Swamp:1)
  3 swamp dragons (Swamp:1)
  2 unseen horrors (D:11)
  2 orc knights (D:11)
  3 oklob plants (Lair:5)
  5 elephants (Lair:6)
  3 black mambas
  5 spiny frogs
  3 rime drakes
  4 komodo dragons
  A kobold demonologist (D:8)
  A queen bee (D:9)
  A jumping spider (Lair:2)
  8 hornets
  5 trolls
  12 hippogriffs
  7 dream sheep
  9 blink frogs
  9 polar bears
  3 bog bodies (Swamp:1)
  A redback (Lair:2)
  2 wraiths
  Sigmund (D:6)
  13 spriggans
  2 basilisks
  A wyvern (Lair:4)
  Eustachio (D:7)
  36 yaks
  A hungry ghost (D:9)
  6 vampire mosquitoes (Swamp:1)
  A warg (Orc:1)
  4 swamp worms (Swamp:1)
  11 water moccasins
  13 orc warriors
  4 porcupines
  4 swamp drakes
  4 black bears (Lair:6)
  A sky beast (D:8)
  3 ice beasts (D:9)
  8 ogres
  3 phantoms
  4 boggarts (Lair:6)
  5 centaurs
  15 wolves (Lair:6)
  11 crocodiles
  11 bullfrogs
  A wyvern skeleton (D:7)
  5 scorpions
  A water moccasin skeleton (D:10)
  44 killer bees
  6 wights
  An electric eel (Lair:1)
  4 howler monkeys (D:9)
  4 crimson imps
  A quasit (D:10)
  A bullfrog zombie (D:10)
  5 jellies
  5 hounds
  9 orc priests
  5 centaur skeletons
  2 iguanas (D:8)
  14 orc wizards
  8 worker ants
  A hound skeleton (D:4)
  A gnoll (D:1)
  13 adders
  3 shadow imps
  7 oozes
  An adder skeleton (D:4)
  An adder zombie (D:5)
  2 worms
  7 leopard geckos
  67 orcs
  6 bats
  3 giant cockroaches
  14 goblins
  7 hobgoblins
  7 jackals
  3 quokkas
  4 ball pythons
  6 frilled lizards
  10 kobolds
  6 rats
  A fungus (Lair:6)
  A plant (Lair:3)
560 creatures vanquished.

Vanquished Creatures (others)
  4 fungi
4 creatures vanquished.

Grand Total: 564 creatures vanquished

Notes
Turn   | Place    | Note
-------+----------+-------------------------------------------
     0 | D:1      | 3rdEnemy the Minotaur Fighter began the quest for the Orb.
     0 | D:1      | Reached XP level 1. HP: 19/19 MP: 0/0
   176 | D:1      | Reached XP level 2. HP: 26/27 MP: 1/1
   340 | D:1      | Reached skill level 4 in Shields
   792 | D:1      | Reached XP level 3. HP: 33/33 MP: 2/2
  1156 | D:2      | Found a deep blue altar of Sif Muna.
  1418 | D:2      | Reached XP level 4. HP: 30/41 MP: 3/3
  1750 | D:3      | Gained mutation: You are resistant to electric shocks. (rElec) [potion of mutation]
  1750 | D:3      | Gained mutation: You are dopey. (Int -2) [potion of mutation]
  1750 | D:3      | Gained mutation: You are surrounded by a mild repulsion field. (EV +2) [potion of mutation]
  1934 | D:3      | Reached XP level 5. HP: 39/47 MP: 4/4
  2007 | D:3      | Reached skill level 5 in Shields
  2052 | D:3      | Reached skill level 5 in Armour
  2109 | D:3      | Found a hide-covered altar of Uskayaw.
  2110 | D:3      | Found a shimmering altar of Xom.
  2111 | D:3      | Found a glowing silver altar of Zin.
  2136 | D:3      | Found a shadowy altar of Dithmenos.
  2182 | D:3      | Found a bloodstained altar of Trog.
  2602 | D:4      | Reached skill level 5 in Fighting
  2869 | D:4      | Found a basalt altar of Yredelemnul.
  2980 | D:4      | Found an ornate altar of the Wu Jian Council.
  3050 | D:4      | Reached XP level 6. HP: 43/56 MP: 5/5
  3064 | D:4      | Lost mutation: You are dopey. (Int -2) [potion of mutation]
  3064 | D:4      | Gained mutation: You are partially covered in thin metallic scales. (AC +2) [potion of mutation]
  3064 | D:4      | Gained mutation: You possess an exceptional clarity of mind. [potion of mutation]
  3152 | D:5      | Entered Level 5 of the Dungeon
  3160 | D:5      | Reached skill level 5 in Short Blades
  3249 | D:5      | Reached XP level 7. HP: 49/61 MP: 6/6
  3296 | D:5      | You fall through a shaft for 3 floors!
  3349 | D:8      | HP: 3/61 [poisoned by a killer bee]
  3355 | D:8      | HP: 2/61 [poisoned by a killer bee]
  3363 | D:8      | HP: 2/61 [poisoned by a killer bee]
  3764 | D:8      | Found a shimmering altar of Xom.
  3833 | D:6      | Noticed Eustachio
  3869 | D:7      | Killed Eustachio
  3890 | D:6      | Noticed Sigmund
  3901 | D:6      | Killed Sigmund
  3901 | D:6      | Reached XP level 8. HP: 65/68 MP: 7/7
  4008 | D:5      | Reached skill level 10 in Short Blades
  5058 | D:6      | Found a glowing golden altar of the Shining One.
  5201 | D:6      | Found a staircase to the Ecumenical Temple.
  5226 | Temple   | Entered the Ecumenical Temple
  5247 | Temple   | Became a worshipper of Warmaster Okawaru
  5455 | D:7      | Reached XP level 9. HP: 68/74 MP: 8/8
  5663 | D:7      | Found a blossoming altar of Fedhas.
  5677 | D:7      | Found a shattered altar of Ashenzari.
  5732 | D:7      | Found a burning altar of Makhleb.
  5982 | D:8      | Reached * piety under Okawaru
  6206 | D:8      | Found a hazy altar of Hepliaklqana.
  6305 | D:8      | Noticed a troll
  6317 | D:8      | Killed a troll
  6317 | D:8      | Reached skill level 6 in Shields
  6352 | D:8      | Noticed a kobold demonologist
  6353 | D:8      | Noticed a hellwing
  6356 | D:8      | Noticed a red devil
  6697 | D:8      | Killed a kobold demonologist
  6697 | D:8      | Reached ** piety under Okawaru
  7223 | D:9      | Reached skill level 7 in Shields
  7223 | D:9      | Reached XP level 10. HP: 58/86 MP: 9/9
  7578 | D:9      | Reached *** piety under Okawaru
  7817 | D:9      | Reached skill level 8 in Shields
  8292 | D:9      | Received a gift from Okawaru
  8610 | D:9      | Reached skill level 9 in Shields
  8761 | D:10     | Entered Level 10 of the Dungeon
  8762 | D:10     | Noticed a two-headed ogre
  8763 | D:10     | Noticed a two-headed ogre
  8788 | D:9      | Killed a two-headed ogre
  8788 | D:9      | Reached **** piety under Okawaru
  8788 | D:9      | Reached XP level 11. HP: 71/97 MP: 7/10
  8798 | D:9      | Killed a two-headed ogre
  9149 | D:10     | Reached ***** piety under Okawaru
  9256 | D:10     | Received a gift from Okawaru
  9313 | D:10     | Found Yxter's Book Shoppe.
  9387 | D:10     | Found a shimmering altar of Xom.
  9682 | D:11     | Reached skill level 10 in Fighting
  9927 | D:11     | Reached skill level 10 in Shields
 10046 | D:11     | Reached skill level 10 in Armour
 10118 | D:11     | Killed an unseen horror
 10150 | D:11     | Found a staircase to the Lair.
 10286 | D:11     | Killed an unseen horror
 10478 | D:11     | Found a roughly hewn altar of Beogh.
 10478 | D:11     | Found a staircase to the Orcish Mines.
 10549 | D:11     | Noticed an orc knight
 10569 | D:11     | Killed an orc knight
 10569 | D:11     | Reached skill level 1 in Dodging
 10575 | D:11     | Reached skill level 1 in Invocations
 10977 | D:11     | Noticed Erica
 10994 | D:11     | Killed Erica
 10994 | D:11     | Reached XP level 12. HP: 103/108 MP: 9/12
 11155 | Lair:1   | Entered Level 1 of the Lair of Beasts
 11188 | Lair:1   | Noticed martinkus's ghost (journeyman GrFi)
 11254 | Lair:1   | Killed martinkus's ghost
 11559 | Lair:1   | Received a gift from Okawaru
 11565 | Lair:1   | Got a steaming fustibalus {god gift}
 11566 | Lair:1   | Identified the +7 fustibalus of Evisceration {velocity, rPois MP+9} (Okawaru gifted it to you on level 1 of the Lair of Beasts)
 12022 | Lair:1   | You fall through a shaft!
 12084 | Lair:2   | Reached skill level 1 in Slings
 12113 | Lair:2   | Reached skill level 11 in Shields
 12211 | Lair:1   | Identified Buwnudiu's Disquisition on Battle Magic
 12411 | Lair:2   | Found a hole to the Spider Nest.
 12557 | Lair:2   | Got an ichor-stained halberd
 12558 | Lair:2   | Identified the cursed +3 halberd "Akhlaoro" {chop, rF- rN+++ Int+4 SInv} (You found it on level 2 of the Lair of Beasts)
 12809 | Lair:2   | Found a staircase to the Swamp.
 13530 | Lair:3   | Reached skill level 5 in Dodging
 13567 | Lair:3   | Received a gift from Okawaru
 13578 | Lair:3   | Reached skill level 5 in Invocations
 14594 | Lair:4   | Received a gift from Okawaru
 15176 | Lair:5   | Found a staircase to the Slime Pits.
 15188 | Lair:5   | Received a gift from Okawaru
 15188 | Lair:5   | Reached skill level 12 in Shields
 15197 | Lair:5   | Reached skill level 5 in Slings
 15204 | Lair:5   | Reached XP level 13. HP: 106/116 MP: 14/16
 15236 | Lair:5   | Received a gift from Okawaru
 15241 | Lair:5   | Got a pair of ichor-stained boots {god gift}
 15247 | Lair:5   | Identified the +0 pair of boots of Defence {rF+ MP+9 Int+2} (Okawaru gifted it to you on level 5 of the Lair of Beasts)
 15446 | Lair:5   | Noticed Nessos
 15474 | Lair:5   | Killed Nessos
 16020 | Lair:6   | Entered Level 6 of the Lair of Beasts
 16150 | Lair:6   | Reached skill level 13 in Shields
 16662 | Lair:6   | Received a gift from Okawaru
 16740 | Lair:6   | Reached skill level 14 in Shields
 17029 | Lair:6   | Got a jewelled trident
 17031 | Lair:6   | Identified the +1 trident "Vaebrab" {antimagic, *Contam rC- Str+3 Dex+5} (You found it on level 6 of the Lair of Beasts)
 17207 | Swamp:1  | Entered Level 1 of the Swamp
 17228 | Swamp:1  | Received a gift from Okawaru
 17247 | Swamp:1  | Reached ****** piety under Okawaru
 17291 | Swamp:1  | Received a gift from Okawaru
 17292 | Swamp:1  | Noticed a green draconian
 17454 | Swamp:1  | Noticed a green draconian
 17456 | Swamp:1  | Killed a green draconian
 17478 | Swamp:1  | Killed a green draconian
 17478 | Swamp:1  | Reached XP level 14. HP: 89/124 MP: 18/18
 17503 | Swamp:1  | Identified the Grimoire of the Spatial Rocks
 17644 | Swamp:1  | Reached skill level 15 in Shields
 17655 | Swamp:1  | Received a gift from Okawaru
 18638 | Swamp:1  | Noticed a tentacled monstrosity
 18666 | Swamp:1  | Killed a tentacled monstrosity
 18666 | Swamp:1  | Reached skill level 10 in Slings
 19228 | Orc:1    | Entered Level 1 of the Orcish Mines
 19542 | D:11     | Received a gift from Okawaru
 19659 | Orc:1    | Found a transporter.
 19698 | Orc:1    | Found a roughly hewn altar of Beogh.
 19699 | Orc:1    | Noticed a stone giant
 19715 | Orc:1    | Received a gift from Okawaru
 19835 | Orc:1    | Received a gift from Okawaru
 19841 | Orc:1    | Found a transporter.
 19843 | Orc:1    | HP: 3/124 [two-headed ogre/giant spiked club (12)]
 19843 | Orc:1    | Mangled by a two-headed ogre

Skill      XL: |  1  2  3  4  5  6  7  8  9 10 11 12 13 14 |
---------------+-------------------------------------------+-----
Fighting       | 4 5 7 9 10 11 | 11.0
Armour         | 4 5 7 9 10 11 | 11.0
Shields        | 4 5 7 9 10 12 14 15 | 15.0
Short Blades   | 4 6 9 11 12 14 | 14.0
Dodging        | 2 5 |  5.0
Invocations    | 1 5 7 8 |  8.0
Slings         | 5 8 11 | 11.7

Action                   |  1- 3 |  4- 6 |  7- 9 | 10-12 | 13-15 || total
-------------------------+-------+-------+-------+-------+-------++-------
Melee: Rapier            |   100 |    11 |       |   650 |   786 ||  1547
       Headbutt          |    10 |    29 |    64 |   205 |   175 ||   483
       Short sword       |       |   132 |   364 |   225 |       ||   721
       Punch             |       |       |       |       |     1 ||     1
 Fire: Fustibalus        |       |       |       |    34 |       ||    34
Invok: Heroism           |       |       |     2 |     6 |     6 ||    14
       Finesse           |       |       |       |       |     8 ||     8
Evoke: Wand              |       |       |       |     3 |       ||     3
  Use: Potion            |       |     4 |     7 |     1 |     5 ||    17
       Scroll            |       |     1 |    10 |     2 |     5 ||    18
  Eat: Chunk             |     1 |     6 |     5 |    26 |     9 ||    47
       Ration            |       |       |     2 |     1 |     1 ||     4
Armor: Ring mail         |    43 |    38 |    72 |   133 |   151 ||   437
       Chain mail        |       |       |       |    53 |       ||    53
Dodge: Dodged            |    25 |    45 |   105 |   259 |   273 ||   707
Block: Shield            |    52 |    48 |   143 |   403 |   227 ||   873
